 Seeded DCSS version 0.29-a0-553-g81b289dbe5 (webtiles) character file.

Game seed: 5197682552777129174 (custom seed)

813 happo123 the Sneak (level 8, -1/46 HPs)
             Began as a Kobold Enchanter on June 6, 2022.
             Slain by an iguana (11 damage)
             ... on level 5 of the Dungeon.
             The game lasted 00:17:43 (4627 turns).

happo123 the Sneak (Kobold Enchanter)               Turns: 4627, Time: 00:17:43

Health: -1/46      AC:  5    Str:  5    XL:     8   Next: 15%
Magic:  13/13      EV: 17    Int: 19    God:
Gold:   268        SH:  0    Dex: 21    Spells: 6/14 levels left

rFire   . . .      SeeInvis .   C - +2 dagger (vamp)
rCold   . . .      Faith    .   g - orb {guile}
rNeg    . . .      Spirit   .   b - +0 robe
rPois   .          Reflect  .   r - +0 helmet
rElec   .          Harm     .   (no cloak)
rCorr   .          Rampage  .   m - +0 pair of gloves
Will    .....                   F - +0 pair of boots
Stlth   ++........              h - amulet of magic regeneration
HPRegen 0.15/turn               n - ring of flight
MPRegen 0.53/turn               z - +6 ring of dexterity

@: confused, flying
A: small, no large weapons, nightstalker 3
a: no special abilities


You were on level 5 of the Dungeon.
You visited 1 branch of the dungeon, and saw 5 of its levels.

You collected 268 gold pieces.

Inventory:

Hand Weapons
 C - a +2 vampiric dagger (weapon)
 D - a +3 dagger of venom
Armour
 b - a +0 robe (worn)
 g - an orb of guile (worn)
 m - a +0 pair of gloves (worn)
 r - a +0 helmet (worn)
 F - a +0 pair of boots (worn)
Jewellery
 h - an amulet of magic regeneration (around neck)
 n - a ring of flight (left hand)
 z - a +6 ring of dexterity (right hand)
Wands
 B - a wand of iceblast (14)
Scrolls
 d - 3 scrolls of teleportation {unknown}
 f - a scroll of identify
 i - a scroll of blinking
 l - 2 scrolls of enchant weapon {unknown}
 p - 2 scrolls of enchant armour
 s - a scroll of vulnerability
 u - 2 scrolls of noise
 x - a scroll of fear
 y - a scroll of fog
Potions
 a - 2 potions of berserk rage {unknown}
 c - 3 potions of invisibility
 e - a potion of flight {unknown}
 j - 2 potions of lignification {unknown}
 k - a potion of resistance {unknown}
 o - 2 potions of heal wounds {unknown}
 q - 3 potions of curing {unknown}
 w - a potion of might {unknown}
 A - a potion of haste {unknown}
 E - a potion of magic {unknown}


   Skills:
 + Level 3.0 Fighting
 + Level 4.2 Short Blades
 + Level 1.8 Armour
 + Level 4.2 Dodging
 + Level 5.9 Stealth
 + Level 3.7 Spellcasting
 * Level 5.3 Hexes


You had 6 spell levels left.
You knew the following spells:

 Your Spells              Type           Power      Damage    Failure   Level
a - Ensorcelled Hibernat  Hex/Ice        26%        N/A       7%          2
b - Confusing Touch       Hex            23%        N/A       4%          3
c - Tukima's Dance        Hex            23%        N/A       4%          3

Your spell library contained the following spells:

 Spells                   Type           Power      Damage    Failure   Level
 Beastly Appendage        Tmut           6%         N/A       14%         1
 Dazzling Flash           Conj/Hex       26%        N/A       14%         3
 Wereblood                Tmut           3%         N/A       22%         2
 Spider Form              Tmut/Pois      3%         N/A       38%         3


Dungeon Overview and Level Annotations

Branches:
Dungeon (5/15)
 Temple: D:4-7

Altars:
Vehumet
Yredelemnul

Shops:
D:2 =


Innate Abilities, Weirdness & Mutations

You are small and have problems with some larger weapons.
You are completely attuned to the shadows.


Message History

The iguana closely misses you. The centaur closely misses you.
The centaur misses you.
You hit the iguana but do no damage.
The iguana is lightly wounded.
The iguana closely misses you.
The orc wizard hits you but does no damage.
The centaur closely misses you. The centaur misses you.
You hit the iguana.
You feel better.
The iguana is lightly wounded.
The centaur hits you.
* * * LOW HITPOINT WARNING * * *
The centaur misses you. The iguana misses you.
The orc wizard hits you but does no damage.
You closely miss the orc wizard.
The orc wizard is moderately wounded.
The centaur hits you.
* * * LOW HITPOINT WARNING * * *
The centaur misses you. The iguana closely misses you.
You closely miss the centaur. The centaur closely misses you.
The centaur kicks you but does no damage.
You hit the orc wizard but do no damage.
The orc wizard is moderately wounded.
The centaur misses you. The centaur kicks you.
* * * LOW HITPOINT WARNING * * *
The iguana bites you but does no damage.
The orc wizard points at you and mumbles some strange words.
The magic dart hits you.
* * * LOW HITPOINT WARNING * * *
The centaur barely misses you.
The centaur kicks you but does no damage.
You're too confused to move!
The iguana misses you. The centaur barely misses you. The centaur misses you.
The orc hits you but does no damage. The orc wizard casts a spell at you.
You are more confused.
You hit the orc wizard.
You feel better.
The orc wizard is heavily wounded.
The centaur hits you but does no damage.
The centaur barely misses you. The iguana bites you!
You die...

.......
......#
......#
......###
.##.o##..
....clo...
...###@o...
.....#..#..#
........####
.......##
.......#
..#)....#
.##...##..###
......#....#
.......#...##


You could see a centaur, an iguana, 2 orc wizards and an orc.

Vanquished Creatures
  Duvessa (D:4)
  An ice beast (D:5)
  The ghost of porpoise the Skirmisher, an amateur DsAr (D:3)
  A necrophage (D:4)
  2 scorpions
  Dowan (D:4)
  2 hounds
  Ijyb (D:4)
  An iguana (D:4)
  An orc wizard (D:5)
  A scorpion zombie (D:3)
  Robin (D:3)
  2 gnolls (D:4)
  5 adders
  3 worms
  2 dart slugs
  6 orcs
  2 ball pythons (D:4)
  7 endoplasms
  2 giant cockroaches
  8 goblins
  6 hobgoblins
  4 jackals (D:3)
  2 quokkas
  A ball python zombie (D:3)
  4 frilled lizards
  5 kobolds
  A quokka zombie (D:3)
  3 rats
77 creatures vanquished.

Vanquished Creatures (collateral kills)
  A gnoll (D:4)
1 creature vanquished.

Grand Total: 78 creatures vanquished

Notes
Turn   | Place    | Note
-------+----------+-------------------------------------------
     0 | D:1      | happo123 the Kobold Enchanter began the quest for the Orb.
     0 | D:1      | Reached XP level 1. HP: 10/10 MP: 3/3
   492 | D:1      | Reached XP level 2. HP: 2/15 MP: 5/5
   495 | D:1      | Learned a level 2 spell: Ensorcelled Hibernation
  1146 | D:2      | Reached XP level 3. HP: 20/20 MP: 6/6
  1150 | D:2      | Learned a level 3 spell: Confusing Touch
  1368 | D:2      | Found Joajunuw's Jewellery Shoppe.
  1809 | D:3      | Reached skill level 1 in Fighting
  1917 | D:3      | Noticed Robin
  1925 | D:3      | Reached XP level 4. HP: 25/25 MP: 3/7
  1926 | D:3      | Killed Robin
  2113 | D:3      | Found a radiant altar of Vehumet.
  2404 | D:3      | Found a basalt altar of Yredelemnul.
  2420 | D:3      | Reached XP level 5. HP: 16/29 MP: 7/9
  2424 | D:3      | Learned a level 3 spell: Tukima's Dance
  2922 | D:3      | Found a faded altar of an unknown god.
  3043 | D:3      | Found a runed translucent door.
  3049 | D:3      | Noticed porpoise's ghost (amateur DsAr)
  3073 | D:3      | Killed porpoise's ghost
  3074 | D:3      | Reached XP level 6. HP: 26/35 MP: 8/10
  3415 | D:4      | Noticed Ijyb
  3419 | D:4      | Killed Ijyb
  3488 | D:4      | Reached skill level 5 in Stealth
  3779 | D:4      | Reached skill level 1 in Armour
  3850 | D:4      | Reached XP level 7. HP: 40/40 MP: 7/11
  4183 | D:4      | Noticed Dowan
  4187 | D:4      | Killed Dowan
  4200 | D:4      | Noticed Duvessa
  4210 | D:4      | Killed Duvessa
  4211 | D:4      | Reached skill level 5 in Hexes
  4512 | D:5      | Entered Level 5 of the Dungeon
  4566 | D:5      | Reached XP level 8. HP: 45/45 MP: 13/13
  4627 | D:5      | Slain by an iguana

Illustrated notes

Levels and vault maps discovered:
D:1:      dpeg_arrival_oval, layout_basic, chequers_serial_rivers_micro_c
D:2:      layout_basic, serial_shops,
          nicolae_shop_temple_entry_statues_fountains
D:3:      layout_basic, nicolae_vehumet_radiance,
          nicolae_yredelemnul_corpse_copse, ebering_ghost_reflecting_pool,
          dreamdust_ecumenical_altar_angels_and_demons,
          minmay_stone_trees_medium, uniq_robin
D:4:      layout_gridville, uniq_duvessa, uniq_ijyb
D:5:      layout_cave_pools, mainiacjoe_overflow_boulevard,
          kennysheep_okawaru_gauntlet

Skill      XL: |  1  2  3  4  5  6  7  8 |
---------------+-------------------------+-----
Short Blades   | 2 3 4 |  4.2
Fighting       | 1 2 3 |  3.0
Dodging        | 3 4 |  4.2
Spellcasting   | 3 |  3.7
Hexes          | 4 5 |  5.3
Stealth        | 5 |  5.9
Armour         | 1 |  1.8

Action                   |  1- 3 |  4- 6 |  7- 9 || total
-------------------------+-------+-------+-------++-------
Melee: Dagger            |    51 |    98 |    34 ||   183
 Cast: Ensorcelled Hiber |     9 |    35 |     6 ||    50
       Confusing Touch   |       |     6 |     2 ||     8
       Tukima's Dance    |       |       |     2 ||     2
  Use: Scroll            |       |       |     6 ||     6
 Stab: Sleeping          |    13 |    38 |    12 ||    63
       Confused          |       |     4 |     2 ||     6
Armor: Robe              |     8 |    17 |    16 ||    41
Dodge: Dodged            |    28 |    63 |    51 ||   142

Table legend: (Time is in decaauts)
 A = Elapsed time spent in this place.
 B = Non-inter-level travel time spent in this place.
 C = Inter-level travel time spent in this place.
 D = Time resting spent in this place.
 E = Time spent auto-exploring this place.
 F = Levels seen in this place.
 G = Mean time per level.
                   A        B        C        D        E       F      G
               +--------+--------+--------+--------+--------+-----+--------+
         Total |   4601 |   4190 |    411 |    333 |   3149 |   5 |  920.2 |
       Dungeon |   4601 |   4190 |    411 |    333 |   3149 |   5 |  920.2 |
               +--------+--------+--------+--------+--------+-----+--------+

Top non-repeatable levels by time:
     D:3: 1573 daAuts
     D:4: 1100 daAuts
     D:2: 996 daAuts
     D:1: 831 daAuts
     D:5: 100 daAuts
